Map: Vaani Research Station (Void)

Players

Kelpfarmer - Winner!

  • Race: Protoss Protoss
  • Spawn Location: 6:00

Stanke

  • Race: Protoss Protoss
  • League: Gold
  • Spawn Location: 12:00

VOD

Have the link to the VOD?

Description

Time

  • Played on: Dec. 30, 2016, 3:53 p.m.
  • Length: 12:12
Show
View Real Time Build Order
Export as new Build Order

Kelpfarmer Protoss - Winner!

Build Orders: 1 Gate Expand, Oracle Opening 

Get SALT Encoding   

  12  0:01  Probe (Chrono Boost)  
  13  0:11  Probe (Chrono Boost)  
  14  0:20  Pylon  
  14  0:22  Probe (Chrono Boost)  
  15  0:38  Probe (Chrono Boost)  
  15  0:41  Gateway  
  16  0:49  Probe (Chrono Boost)  
  17  0:52  Assimilator  
  17  0:59  Probe (Chrono Boost)  
  18  1:10  Probe (Chrono Boost)  
  19  1:20  Probe (Chrono Boost)  
  20  1:32  Probe (Chrono Boost)  
  21  1:44  Nexus  
  21  1:47  Pylon  
  21  1:55  Probe (Chrono Boost)  
  21  1:56  Cybernetics Core  
  22  2:13  Probe (Chrono Boost)  
  22  2:25  Probe (Chrono Boost)  
  22  2:26  Assimilator  
  23  2:33  Adept  
  25  2:44  Gateway  
  25  2:45  Pylon  
  25  2:52  Probe (Chrono Boost)  
  25  2:54  Stargate  
  26  3:00  Probe (Chrono Boost)  
  26  3:03  Probe (Chrono Boost)  
  28  3:15  Stalker  
  30  3:21  Probe x2 (Chrono Boost)  
  32  3:29  Pylon  
  32  3:36  Gateway  
  32  3:37  Oracle  
  32  3:40  Probe (Chrono Boost)  
  36  3:42  Probe (Chrono Boost)  
  37  3:51  Probe (Chrono Boost)  
  37  3:52  Probe (Chrono Boost)  
  39  4:00  Stalker  
  39  4:02  Mothership Core (Chrono Boost)  
  43  4:05  Probe (Chrono Boost)  
  44  4:14  Robotics Facility  
  44  4:15  Probe (Chrono Boost)  
  45  4:20  Probe (Chrono Boost)  
  46  4:26  Probe (Chrono Boost)  
  46  4:27  Gateway  
  48  4:31  Probe (Chrono Boost)  
  48  4:36  Probe (Chrono Boost)  
  48  4:38  Stalker  
  51  4:46  Probe (Chrono Boost)  
  51  4:47  Probe (Chrono Boost)  
  53  4:59  Stalker x2  
  57  5:17  Adept  
  59  5:28  Pylon  
  59  5:30  Pylon  
  59  5:32  Nexus  
  59  5:34  Pylon  
  59  5:37  Pylon  
  59  5:45  Probe x2 (Chrono Boost)  
  59  5:46  Void Ray  
  59  5:47  Forge  
  65  5:56  Probe (Chrono Boost)  
  67  5:57  Observer  
  67  5:59  Pylon, Stalker x2  
  71  6:04  Stalker  
  71  6:07  Probe x2 (Chrono Boost)  
  75  6:23  Probe x2 (Chrono Boost), Gateway  
  75  6:25  Gateway  
  77  6:46  Stalker x2  
  75  7:08  Pylon  
  75  7:11  Pylon  
  74  7:49  Pylon  
  74  7:53  Pylon  
  74  7:55  Pylon  
  74  7:58  Pylon  
  74  8:01  Immortal  
  72  8:10  Void Ray  
  76  8:14  Stalker x2  
  78  8:20  Pylon  
  78  8:21  Pylon  
  76  8:44  Adept  
  76  8:46  Immortal  
  76  8:47  Pylon  
  82  8:49  Pylon, Stalker  
  82  8:50  Pylon  
  84  9:09  Photon Cannon  
  84  9:10  Photon Cannon  
  84  9:12  Probe (Chrono Boost)  
  84  9:13  Photon Cannon, Stalker  
  84  9:14  Photon Cannon  
  87  9:22  Probe (Chrono Boost)  
  88  9:33  Probe (Chrono Boost)  
  85  9:46  Pylon  
  85  9:49  Pylon, Void Ray  
  85  9:51  Gateway  
  89  10:00  Stalker x2  
  93  10:10  Probe x2 (Chrono Boost)  
  95  10:17  Immortal  
  95  10:20  Probe x2 (Chrono Boost)  
  95  10:21  Zealot x3  
  107  10:32  Assimilator  
  107  10:37  Assimilator  
  107  10:40  Assimilator  
  103  10:44  Assimilator  
  101  10:51  Mothership Core (Chrono Boost)  
  103  11:02  Void Ray  
  107  11:15  Pylon  
  107  11:16  Stalker  
  109  11:18  Pylon  
  109  11:20  Pylon  
  109  11:22  Photon Cannon  
  109  11:25  Photon Cannon  
  109  11:29  Photon Cannon  
  109  11:39  Stalker  
  111  11:40  Stalker x2  
  111  11:44  Photon Cannon  
Show
View Real Time Build Order
Export as new Build Order

Stanke Protoss 

Build Orders: Blink Stalkers 

Get SALT Encoding   

  12  0:01  Probe (Chrono Boost)  
  13  0:16  Pylon  
  13  0:19  Probe (Chrono Boost)  
  14  0:26  Assimilator  
  14  0:39  Gateway  
  14  0:45  Probe (Chrono Boost)  
  15  0:52  Assimilator  
  15  0:56  Probe (Chrono Boost)  
  16  1:06  Pylon  
  16  1:08  Probe (Chrono Boost)  
  17  1:19  Probe (Chrono Boost)  
  18  1:33  Cybernetics Core  
  18  1:37  Probe (Chrono Boost)  
  19  1:54  Probe (Chrono Boost)  
  20  2:05  Gateway, Probe (Chrono Boost)  
  21  2:23  Warp Gate  
  21  2:24  Probe (Chrono Boost)  
  22  2:34  Twilight Council  
  22  2:35  Probe (Chrono Boost)  
  23  2:40  Stalker  
  25  2:55  Mothership Core (Chrono Boost)  
  27  3:06  Robotics Facility  
  27  3:07  Blink  
  28  3:21  Probe (Chrono Boost)  
  28  3:37  Pylon  
  28  3:45  Probe (Chrono Boost)  
  28  3:46  Gateway  
  29  3:49  Stalker  
  31  3:58  Pylon  
  31  3:59  Observer  
  32  4:05  Stalker  
  34  4:17  Gateway  
  34  4:25  Pylon  
  34  4:27  Observer  
  35  4:46  Stalker  
  35  4:48  Pylon  
  37  4:56  Observer  
  35  5:13  Stalker  
  33  5:15  Pylon  
  33  5:23  Stalker x2  
  37  5:31  Probe (Chrono Boost)  
  38  5:41  Stalker  
  41  5:43  Probe (Chrono Boost)  
  41  5:54  Stalker  
  43  6:08  Stalker  
  45  6:41  Stalker  
  45  6:42  Stalker x2  
  49  7:21  Stalker  
  49  7:22  Stalker x2  
  45  7:37  Probe (Chrono Boost)  
  33  7:50  Probe (Chrono Boost)  
  32  8:02  Probe (Chrono Boost)  
  33  8:06  Stalker x2  
  36  8:14  Probe (Chrono Boost)  
  36  8:26  Probe (Chrono Boost)  
  37  8:32  Stalker  
  35  8:38  Probe (Chrono Boost)  
  35  8:47  Stalker  
  37  8:50  Probe (Chrono Boost)  
  37  9:09  Observer  
  38  9:21  Stalker x2  
  42  9:30  Observer  
  43  9:36  Stalker  
  43  9:52  Observer  
  44  9:55  Stalker x2  
  48  10:13  Stalker  
  48  10:14  Stalker  
  41  10:50  Stalker x3  
  44  11:38  Stalker x2  
  44  11:39  Stalker x2  
Tags
 
Add a new tag
Caveats
  • Supply blocks, unpowered buildings, or Contaminate may cause inaccurate times.
  • Supply counts are checked every 10 seconds.